 Dungeon Crawl Stone Soup version 0.32-a0-928-g1cae6b7ea0 (webtiles) character file.

Game seed: 6070037137791451467

18 Biggs the Magician (level 2, -8/21 HPs)
             Began as a Djinni Conjurer on Apr 13, 2024.
             Mangled by a gnoll
             ... wielding a +0 halberd
              (14 damage)
             ... on level 2 of the Dungeon.
             The game lasted 00:01:58 (378 turns).

Biggs the Magician (Djinni Conjurer)                 Turns: 378, Time: 00:01:59

Health: -8/21      AC:  3    Str:  6    XL:     2   Next: 90%
Gold:   55         EV: 11    Int: 19    God:
                   SH:  0    Dex: 11

rFire   + + .        (no weapon)
rCold   x . .        (no shield)
rNeg    . . .        a - +0 robe
rPois   ∞            b - +0 helmet
rElec   .            (no cloak)
rCorr   .            (no gloves)
SInv    .            (boots unavailable)
Will    .....        (no amulet)
Stlth   ++           (no ring)
HPRegen 0.23/turn    (no ring)

%: infuse magic (-9 HP)
@: flying
A: sickness immunity, fire resistance 2, cold vulnerability 1, float, innate
caster, HP casting, extra vitality 1
a: no special abilities


You were on level 2 of the Dungeon.
You visited 1 branch of the dungeon, and saw 2 of its levels.

You collected 55 gold pieces.

Inventory:

Armour
 a - a +0 robe (worn)
 b - a +0 helmet (worn)
Scrolls
 c - a scroll of teleportation {unknown}
 f - a scroll of enchant armour {unknown}
 g - 2 scrolls of identify {unknown}
Potions
 d - 2 potions of resistance {unknown}
 e - a potion of haste {unknown}


   Skills:
 - Level 2.1 Dodging
 - Level 1.5 Stealth
 + Level 4.1 Spellcasting
 + Level 4.1 Conjurations
 + Level 4.1 Hexes
 + Level 4.1 Summonings
 + Level 4.1 Necromancy
 + Level 4.1 Translocations
 + Level 4.1 Fire Magic
 + Level 4.1 Ice Magic
 + Level 4.1 Air Magic
 + Level 4.1 Earth Magic
 + Level 4.1 Alchemy


You knew the following spells:

 Your Spells              Type           Power      Damage    Failure   Level
a - Magic Dart            Conj           76%        1d6       2%          1
b - Searing Ray           Conj           38%        2d5       3%          2
c - Fulminant Prism       Conj/Alch      9%         3d7       26%         4
d - Iskenderun's Mystic Conj/Tloc 19%            2d6        (+2d2     26%         4
Your spell library was empty.

Dungeon Overview and Level Annotations

Branches:
Dungeon (2/15)

Altars:


Innate Abilities, Weirdness & Mutations

You are immune to sickness and miasma.
You are immune to poison.
Your flesh is very heat resistant. (rF++)
You are vulnerable to cold. (rC-)
You float through the air rather than walking.
You learn spells naturally, not from books.
Your magical power is your life essence.
You have superior vitality. (+4 MHP)


Message History

You kill the kobold!
Unknown command.
You now have 55 gold pieces (gained 13).
There is a stone staircase leading down here.
You fly downwards.
Found a leather armour.
There is a stone staircase leading up here.
You see here a +0 leather armour.
A gnoll comes into view. It is wielding a +0 halberd.
The gnoll shouts!
You hear a shout! x2
A rat and a gnoll come into view.
A quokka comes into view.
A gnoll comes into view. It is wielding a +0 whip of venom.
The rat moves out of view.
A rat comes into view.
The quokka misses you. The gnoll attacks as it pursues you!
The gnoll hits you from afar with a +0 halberd!
Ouch! That really hurt!
The quokka attacks as it pursues you! The quokka completely misses you.
Casting: Magic Dart (safe; 2% risk of failure)
Confirm with . or Enter, or press ? or * to list all spells.
Aiming: Searing Ray (safe; 3% risk of failure)
Press: ? - help, Shift-Dir - straight line, f - quokka
Aim: a quokka (69% to hit)
The searing ray hits the quokka!
You kill the quokka!
The searing ray hits the gnoll.
The gnoll is moderately wounded.
The searing ray hits the gnoll.
The gnoll is lightly wounded. (Press . to maintain the ray.) Unknown command.
The searing ray hits the gnoll.
The gnoll is almost dead.
The searing ray hits the gnoll.
The gnoll is heavily wounded.
* * * LOW HITPOINT WARNING * * *
The gnoll hits you from afar with a +0 halberd!
Ouch! That really hurt!
You die...

#.# ..# #.# ..#.#
#.# ..#.# #.# ..#.#
#.# ..#.# #.# .##.#
#.# .#
##.##########.#
#.......@.ggg.#
#############r....#
....... .....##
.r...+ ..r..#
...### ####


You could see 3 gnolls and a rat.

Vanquished Creatures
  2 endoplasms (D:1)
  4 goblins (D:1)
  A hobgoblin (D:1)
  A quokka (D:2)
  5 ball pythons (D:1)
  A frilled lizard (D:1)
  2 kobolds (D:1)
  A rat (D:1)
17 creatures vanquished.

Notes
Turn   | Place    | Note
-------+----------+-------------------------------------------
     0 | D:1      | Biggs the Djinni Conjurer began the quest for the Orb.
     0 | D:1      | Biggs set off with the following spells memorised: Magic
                  | Dart, Searing Ray, Fulminant Prism, Iskenderun's Mystic
                  | Blast.
     0 | D:1      | Reached XP level 1. HP: 15/15 MP: 0/0
   111 | D:1      | Reached XP level 2. HP: 20/21 MP: 0/0
   378 | D:2      | Mangled by a gnoll

Illustrated notes

Levels and vault maps discovered:
D:1:      reono_arrival_forest_river, layout_loops_cross
D:2:      layout_basic, nicolae_ecumenical_lake_church, roderic_roman_lattice

Skill      XL: |  1  2 |
---------------+-------+-----
Spellcasting   | 4 |  4.1
Conjurations   | 4 |  4.1
Hexes          | 4 |  4.1
Summonings     | 4 |  4.1
Necromancy     | 4 |  4.1
Translocations | 4 |  4.1
Fire Magic     | 4 |  4.1
Ice Magic      | 4 |  4.1
Air Magic      | 4 |  4.1
Earth Magic    | 4 |  4.1
Alchemy        | 4 |  4.1
Dodging        | |  2.1
Stealth        | |  1.5

Action                     || total
---------------------------++-------
   Cast: Magic Dart        ||    25
         Searing Ray       ||     2
 Armour: Robe              ||    10
  Dodge: Dodged            ||     6

Table legend: (Time is in decaauts)
 A = Elapsed time spent in this place.
 B = Non-inter-level travel time spent in this place.
 C = Inter-level travel time spent in this place.
 D = Time resting spent in this place.
 E = Time spent auto-exploring this place.
 F = Levels seen in this place.
 G = Mean time per level.
                   A        B        C        D        E       F      G
               +--------+--------+--------+--------+--------+-----+--------+
         Total |    377 |    377 |      0 |      0 |      0 |   2 |  188.5 |
       Dungeon |    377 |    377 |      0 |      0 |      0 |   2 |  188.5 |
               +--------+--------+--------+--------+--------+-----+--------+

Top non-repeatable levels by time:
     D:1: 345 daAuts
     D:2: 32 daAuts
